 Dungeon Crawl Stone Soup version 0.29.1-15-g9cfb28693d (webtiles) character file.

Game seed: 12451994024639576608

777719 devnull the Merfolkian Porcupine (level 27, -2/249 HPs)
             Began as a Merfolk Gladiator on Apr 8, 2023.
             Was the Champion of Zin.
             Slain by a Tzitzimitl (13 damage)
             ... summoned by Ereshkigal
             ... while paralysed by Ereshkigal
             ... on level 7 of Tartarus on Apr 18, 2023.
             The game lasted 07:43:41 (98238 turns).

devnull the Merfolkian Porcupine (MfGl)            Turns: 98238, Time: 07:43:42

Health: -2/249     AC: 14    Str: 35    XL:     27
Magic:  40/40      EV:  2    Int: 18    God:    Zin [******]
Gold:   5160       SH:  0    Dex: 36    Spells: 25/28 levels left

rFire   . . .      SeeInvis .   a - +9 bardiche (freeze)
rCold   + . .      Faith    .   (shield currently unavailable)
rNeg    + + +      Spirit   .   S - +1 ring mail of Zin's Righteous Anger {rElec Regen+}
rPois   ∞          Reflect  +   E - +2 helmet
rElec   +          Harm     .   N - +0 cloak of Rothaff {Dex+4}
rCorr   .          Rampage  .   T - +0 pair of fencer's gloves {Riposte Dex+3}
Will    +....                   x - +2 pair of boots
Stlth   ++++++++..              v - amulet of reflection
HPRegen 1.31/turn               Y - ring "Mij Zedo" {rC+ rN+ Dex+4}
MPRegen 0.27/turn               y - ring of Yciller {rPois rN++}

@: paralysed, vitalised, on berserk cooldown, hasted and slowed, studying 3
skills, silenced, weak-willed
A: (nimble swimmer 2), mertail
}: 5/15 runes: serpentine, barnacled, slimy, silver, abyssal
a: Renounce Religion


You were on level 7 of Tartarus.
You worshipped Zin.
Zin was exalted by your worship.
You visited 15 branches of the dungeon, and saw 65 of its levels.
You visited the Abyss 2 times.
You visited 1 bazaar.
You also visited: Trove, Ice Cave and Wizlab.

You collected 9400 gold pieces.
You spent 3639 gold pieces at shops.
You donated 601 gold pieces to Zin.

Inventory:

Hand Weapons
 a - a +9 bardiche of freezing (weapon)
 b - the +10 halberd "Ytuzid" {vorpal, rC+ Will+ rCorr SInv}
   (You found it in a treasure trove)

   It inflicts extra damage upon your enemies.
   rC:        It protects you from cold.
   SInv:      It lets you see invisible.
   rCorr:     It protects you from acid and corrosion.
   Will:      It increases your willpower.
 B - a +1 bardiche of venom
Missiles
 d - 8 throwing nets {!f}
 j - 10 boomerangs of dispersal {!f}
 O - 18 curare-tipped darts
 Z - 5 silver javelins (quivered)
Armour
 k - a scarf of resistance
 x - a +2 pair of boots (worn)
 E - a +2 helmet (worn)
 I - the +11 plate armour of Leloje {Will+ Str+2}
   (You found it on level 14 of the Dungeon)

   Str:       It affects your strength (+2).
   Will:      It increases your willpower.
 N - the +0 cloak of Rothaff (worn) {Dex+4}
   (You took it off a draconian monk on level 3 of the Realm of Zot)

   Dex:       It affects your dexterity (+4).
 Q - a +2 cloak of preservation
 S - the +1 ring mail of Zin's Righteous Anger (worn) {rElec Regen+}
   (You bought it in a shop on level 2 of the Orcish Mines)

   rElec:     It insulates you from electricity.
   Regen:     It increases your rate of health regeneration.
 T - the +0 pair of fencer's gloves (worn) {Riposte Dex+3}
   (You acquired it on level 1 of the Crypt)

   It allows the wearer to riposte with melee weapons, swiftly retaliating
   against missed or blocked melee attacks.
   Dex:       It affects your dexterity (+3).
Jewellery
 e - a ring of see invisible
 i - a ring of flight
 v - an amulet of reflection (around neck)
 y - the ring of Yciller (right hand) {rPois rN++}
   (You found it on level 14 of the Dungeon)

   [ring of poison resistance]

   rPois:     It protects you from poison.
   rN:        It greatly protects you from negative energy.
 F - the ring "Adghus" {rF+ EV+4 Int+6}
   (You found it on level 4 of the Vaults)

   [ring of evasion]

   EV:        It affects your evasion (+4).
   Int:       It affects your intelligence (+6).
   rF:        It protects you from fire.
 G - a +4 ring of protection
 H - a +6 ring of dexterity
 P - the ring of the Swan {Will+ Slay+4 Stlth+}
   (You acquired it on level 3 of the Elven Halls)

   [ring of slaying]

   Slay:      It affects your accuracy & damage with ranged weapons and melee
   (+4).
   Will:      It increases your willpower.
   Stlth:     It makes you more stealthy.
 U - the ring of Ynimabra {rF+ rC+}
   (You took it off a tengu reaver on level 5 of the Vaults)

   [ring of protection from fire]

   rF:        It protects you from fire.
   rC:        It protects you from cold.
 X - a ring of positive energy
 Y - the ring "Mij Zedo" (left hand) {rC+ rN+ Dex+4}
   (You took it off a red devil in a wizard's laboratory)

   [ring of positive energy]

   Dex:       It affects your dexterity (+4).
   rC:        It protects you from cold.
   rN:        It protects you from negative energy.
Wands
 c - a wand of digging (16)
 q - a wand of acid (2)
 C - a wand of iceblast (28)
 K - a wand of mindburst (16)
Scrolls
 h - 5 scrolls of enchant armour
 r - 6 scrolls of magic mapping
 s - 28 scrolls of teleportation
 w - 5 scrolls of silence
 A - 8 scrolls of enchant weapon
 D - 2 scrolls of summoning
 M - 7 scrolls of butterflies
 R - 18 scrolls of blinking
 V - 7 scrolls of fear
Potions
 f - 5 potions of haste
 g - 25 potions of curing
 l - 4 potions of ambrosia
 m - 8 potions of cancellation
 n - 8 potions of brilliance
 o - 3 potions of berserk rage
 p - 8 potions of heal wounds
 t - 9 potions of attraction
 u - 4 potions of might
 z - 11 potions of mutation
 J - 3 potions of invisibility
 L - 7 potions of resistance


   Skills:
 O Level 27 Fighting
 O Level 27 Polearms
 O Level 27 Throwing
 O Level 27 Dodging
 - Level 20.0 Stealth
 + Level 14.6 Shields
 - Level 1.1 Spellcasting
 - Level 8.0 Ice Magic
 O Level 27 Invocations


You had 25 spell levels left.
You knew the following spells:

 Your Spells              Type           Power      Damage    Failure   Level
a - Ozocubu's Armour      Ice            29%        N/A       3%          3

Your spell library contained the following spells:

 Spells                   Type           Power      Damage    Failure   Level
 Frozen Ramparts          Ice            58%        1d9       3%          3
 Ensorcelled Hibernation  Hex/Ice        30%        N/A       8%          2
 Beastly Appendage        Tmut           2%         N/A       26%         1
 Foxfire                  Conj/Fire      4%         2x1d4     26%         1
 Magic Dart               Conj           4%         1d3       26%         1
 Necrotise                Necr           4%         1d4       26%         1
 Sandblast                Erth           2%         2d4       26%         1
 Shock                    Conj/Air       4%         1d3       26%         1
 Slow                     Hex            4%         N/A       26%         1
 Sting                    Tmut/Pois      4%         1d3       26%         1
 Blink                    Tloc           2%         N/A       38%         2
 Passwall                 Tmut/Erth      0%         N/A       38%         2
 Poisonous Vapours        Pois/Air       2%         N/A       38%         2
 Scorch                   Fire           2%         2d5       38%         2
 Sublimation of Blood     Necr           1%         N/A       38%         2
 Hailstorm                Conj/Ice       15%        3d5       45%         4
 Ice Form                 Ice/Tmut       15%        N/A       45%         4
 Summon Ice Beast         Ice/Summ       15%        N/A       45%         4
 Conjure Flame            Conj/Fire      1%         6-21      63%         3
 Ignite Poison            Fire/Tmut/Pois 1%         N/A       63%         3
 Inner Flame              Hex/Fire       1%         N/A       63%         3
 Lesser Beckoning         Tloc           1%         N/A       63%         3
 Spider Form              Tmut/Pois      1%         N/A       63%         3
 Stone Arrow              Conj/Erth      2%         3d7       63%         3
 Swiftness                Air            1%         N/A       63%         3
 Tukima's Dance           Hex            1%         N/A       63%         3
 Vampiric Draining        Necr           1%         2d6       63%         3
 Metabolic Englaciation   Hex/Ice        7%         N/A       82%         5
 Freezing Cloud           Conj/Ice/Air   5%         6-21      94%         5
 Airstrike                Air            0%         2d(1-17)  95%         4
 Anguish                  Hex/Necr       0%         N/A       95%         4
 Animate Armour           Summ/Erth      2%         N/A       95%         4
 Cause Fear               Hex            0%         N/A       95%         4
 Flame Wave               Conj/Fire      1%         2d4       95%         4
 Leda's Liquefaction      Hex/Erth       0%         N/A       95%         4
 Olgreb's Toxic Radiance  Pois           1%         N/A       95%         4
 Passage of Golubria      Tloc           1%         N/A       95%         4
 Petrify                  Tmut/Erth      1%         N/A       95%         4
 Sticky Flame             Conj/Fire      1%         2d3       95%         4
 Summon Lightning Spire   Summ/Air       1%         N/A       95%         4
 Agony                    Necr           1%         N/A       100%        5
 Alistair's Intoxication  Tmut/Pois      0%         N/A       100%        5
 Blade Hands              Tmut           0%         N/A       100%        5
 Borgnjor's Vile Clutch   Necr/Erth      0%         N/A       100%        5
 Fireball                 Conj/Fire      0%         3d3       100%        5
 Irradiate                Conj/Tmut      0%         3d11      100%        5
 Iskenderun's Battlesphe  Conj           1%         2d6       100%        5
 Lee's Rapid Deconstruct  Erth           0%         3d5*      100%        5
 Manifold Assault         Tloc           1%         N/A       100%        5
 Silence                  Hex/Air        0%         N/A       100%        5
 Summon Forest            Summ/Tloc      0%         N/A       100%        5
 Summon Mana Viper        Hex/Summ       1%         N/A       100%        5
 Yara's Violent Unravell  Hex/Tmut       0%         3d3       100%        5
 Conjure Ball Lightning   Conj/Air       0%         3x3d6     100%        6
 Eringya's Noxious Bog    Tmut/Pois      0%         N/A       100%        6
 Iron Shot                Conj/Erth      0%         9d1       100%        6
 Simulacrum               Ice/Necr       7%         N/A       100%        6
 Starburst                Conj/Fire      0%         6d3       100%        6
 Statue Form              Tmut/Erth      0%         N/A       100%        6
 Summon Cactus Giant      Summ           0%         N/A       100%        6
 Dragon Form              Tmut           0%         N/A       100%        7
 Enfeeble                 Hex            0%         N/A       100%        7
 Monstrous Menagerie      Summ           0%         N/A       100%        7
 Orb of Destruction       Conj           0%         9d5       100%        7
 Ozocubu's Refrigeration  Ice            14%        4d10      100%        7
 Spellforged Servitor     Conj/Summ      0%         N/A       100%        7
 Storm Form               Tmut/Air       0%         N/A       100%        7
 Summon Hydra             Summ           0%         N/A       100%        7
 Discord                  Hex            0%         N/A       100%        8
 Disjunction              Tloc           0%         N/A       100%        8
 Ignition                 Fire           0%         3d3       100%        8
 Lehudib's Crystal Spear  Conj/Erth      0%         10d2      100%        8
 Maxwell's Capacitive Co  Air            0%         ∞         100%        8
 Necromutation            Tmut/Necr      0%         N/A       100%        8
 Dragon's Call            Summ           0%         N/A       100%        9
 Polar Vortex             Ice            14%        N/A       100%        9


Dungeon Overview and Level Annotations

Branches:
Dungeon (15/15)            Temple (1/1) D:4            Lair (5/5) D:9
 Shoals (4/4) Lair:3        Snake (4/4) Lair:2        Slime (5/5) Lair:4
    Orc (2/2) D:11            Elf (3/3) Orc:2        Vaults (5/5) D:14
  Crypt (3/3) Vaults:2       Tomb (1/3) Crypt:3      Depths (4/4) D:15
   Hell (visited)             Dis (0/7) Hell            Geh (0/7) Hell
    Coc (0/7) Hell            Tar (7/7) Hell            Zot (5/5) Depths:4
  IceCv (visited)          WizLab (visited)

Altars:
Ashenzari
Cheibriados
Dithmenos
Elyvilon
Fedhas
Gozag
Hepliaklqana
Kikubaaqudgha
Makhleb
Nemelex Xobeh
Okawaru
Qazlal
Ru
Sif Muna
Trog
Uskayaw
Vehumet
Wu Jian
Xom
Yredelemnul
Zin
The Shining One
Jiyva
Lugonu

Shops:
D:1 ?   D:14 (   Orc:1 (   Orc:2 ([?[[   Elf:1 *   Elf:3 ?   Shoals:3 ::
Shoals:4 =   Snake:4 *   Vaults:4 ([[

Portals:
Hell: Depths:1 Depths:2 Depths:3 Depths:4
Abyss: Depths:1 Depths:3 Depths:4
Pandemonium: Depths:1 Depths:2 Depths:4
Ziggurat: Depths:1

Annotations:
Elf:1 6 runed translucent doors
Tar:7 Ereshkigal


Innate Abilities, Weirdness & Mutations

((You are very nimble when in or above water. (Stealth+, EV+, Speed+++)))
Your lower body shifts to a powerful aquatic tail in water.


Message History

You suddenly lose the ability to move!
The Tzitzimitl gestures at you.
The bolt of negative energy hits you but does no damage.
You resist.
Ereshkigal gestures.
Ereshkigal is healed.
The Tzitzimitl gestures at you.
The bolt of negative energy hits you but does no damage.
You resist. The Tzitzimitl engulfs you.
* * * LOW HITPOINT WARNING * * *
The Tzitzimitl drains your vigour!
You feel yourself slow down. The Tzitzimitl bites you.
* * * LOW HITPOINT WARNING * * *
You are no longer berserk.
You feel as though you will be slow longer.
Ereshkigal hits you but does no damage.
The Tzitzimitl engulfs you but does no damage.
The Tzitzimitl bites you but does no damage.
The Tzitzimitl gestures at you.
The bolt of negative energy hits you but does no damage.
You resist. Ereshkigal gestures at you. The bolt of cold hits you!! You resist.
* * * LOW HITPOINT WARNING * * *
The Tzitzimitl gestures at you.
The bolt of negative energy hits you but does no damage.
You resist. Ereshkigal hits you but does no damage. The Tzitzimitl engulfs you.
* * * LOW HITPOINT WARNING * * *
The Tzitzimitl bites you.
* * * LOW HITPOINT WARNING * * *
Ereshkigal hits you.
* * * LOW HITPOINT WARNING * * *
The Tzitzimitl engulfs you! Zin protects you from harm!
The Tzitzimitl drains your vigour!
You feel as though you will be slow longer.
The Tzitzimitl bites you! Zin protects you from harm!
The Tzitzimitl engulfs you!
You die...

####.....# #.....####.
...###...#[##########:#...###....
##...##..#'#........#'#..##...###
.###..##'##..........##'##(.###..
...##....#............#....##...#
##..##..##............##..##..###
.##..#..#..............#..#..##..
..##.##.#.......1&.....#.##.##..#
#..#..#.# ##1@## #.#..#..##
##.##.#(# ##....## #(#.##.##.
.#..#.#.## #......# ##.#.#..#..
(##.#..(.# ##......## #....#.##.#
..#.#....# #........# #....#.#...
#.#.#.(..# #........# #....#.#.##
#.#.#(...# #........# #....#.#.#.
#...#.##.#####''''#####)##.#...#.
###.#'#...##........##.).#'#.###)


You could see Ereshkigal (silencing, unsilenced) and 2 Tzitzimimeh.

Vanquished Creatures
  the Royal Jelly (Slime:5)
  4 dread liches
  3 orbs of fire
  2 ancient liches
  Mennas (Depths:4)
  The ghost of Flapstick the Slayer, a legendary HaBe of Trog (Zot:3)
  A royal mummy (Tomb:1)
  Sojobo (Crypt:3)
  Boris (thrice) (Crypt:3 Depths:1 Depths:4)
  Frederick (Crypt:1)
  6 Killer Klowns (Zot:5)
  Xtahua (Vaults:5)
  4 caustic shrikes (Depths:4)
  Vashnia (Snake:2)
  Geryon (Hell)
  13 golden dragons
  20 profane servitors
  The ghost of Scrimshaw the Alchemist, a veteran OpTm of Wu Jian (Vaults:4)
  Jory (Crypt:1)
  A Hellbinder (WizLab)
  17 bone dragons
  8 doom hounds
  A shard shrike zombie (Crypt:3)
  10 Tzitzimimeh
  2 electric golems (Zot:5)
  2 shard shrike skeletons (Crypt:3)
  Jorgrun (Shoals:2)
  9 liches
  26 tainted leviathans
  24 Orb Guardians (Zot:5)
  A Hell Sentinel (Abyss:3)
  20 tentacled monstrosities
  5 titans
  A walking crystal tome (Depths:3)
  A deep elf blademaster (Elf:2)
  2 walking earthen tomes (Zot:3)
  9 quicksilver dragons
  14 acid blobs
  A walking divine tome (Depths:3)
  4 deep elf master archers (Elf:3)
  6 death cobs
  18 sphinxes
  4 ancient champions
  9 tentacled starspawn
  4 krakens
  8 tengu reavers
  11 azure jellies
  8 shadow dragons
  5 rockslimes
  Ilsuiw (Shoals:2)
  9 fire giants
  14 storm dragons
  9 draconian monks
  4 draconian knights
  4 revenants
  A fenstrider witch (shapeshifter) (Vaults:5)
  9 nagarajas
  4 narguns (Zot:3)
  3 iron dragons
  5 ghost moths
  A balrug (Depths:3)
  6 deep elf sorcerers
  2 deep elf elementalists (Elf:3)
  3 cacodemons
  12 frost giants
  5 draconian shifters
  24 vault wardens
  2 orc warlords
  5 curse skulls
  The ghost of wextippler1 the Black Sun, a journeyman DsNe of Kikubaaqudgha (Orc:2)
  16 reapers
  4 draconian scorchers (Zot:4)
  4 draconian stormcallers
  11 quicksilver oozes
  13 ghouls
  11 stone giants
  A demonspawn blood saint (WizLab)
  16 ironbound preservers
  A spriggan defender (Depths:3)
  34 very ugly things
  6 war gargoyles
  3 draconian annihilators
  12 vampire knights
  2 caustic shrike skeletons
  19 starcursed masses
  4 ironbound thunderhulks
  3 lorocyprocas
  An apis (D:11)
  A black draconian (shapeshifter) (Zot:4)
  10 yellow draconians
  A green draconian (shapeshifter) (Zot:4)
  9 green draconians
  26 putrid mouths
  13 purple draconians
  4 spark wasps (Depths:2)
  A spectral titan (Tar:3)
  A minotaur (shapeshifter) (Depths:3)
  A purple draconian (shapeshifter) (Zot:4)
  10 deep elf demonologists
  10 black draconians
  7 deep elf annihilators
  17 red draconians
  Azrael (Snake:3)
  A spark wasp (shapeshifter) (Vaults:5)
  2 entropy weavers
  11 dire elephants
  2 iron golems (Hell)
  A dire elephant (shapeshifter) (Zot:4)
  5 white draconians
  A spectral golden dragon (Tar:1)
  Josephine (D:15)
  A blizzard demon (Abyss:3)
  8 mummy priests
  20 eidola
  5 merfolk javelineers
  9 ettins
  13 deep elf death magi
  21 fire dragons
  3 green deaths
  5 jiangshi (Crypt:1)
  7 crystal guardians
  3 spectral spriggans
  12 deep elf high priests
  13 merfolk impalers
  Harold (Orc:1)
  10 yaktaur captains
  A spectral kraken (Tar:7)
  8 spriggan zombies
  The ghost of Seidenschwarz the Eclecticist, a journeyman DECj of Vehumet (Orc:2)
  2 rakshasas
  12 great orbs of eyes
  10 ice dragons
  A great orb of eyes (shapeshifter) (D:14)
  4 hydras
  2 fenstrider witch zombies
  3 hell beasts (WizLab)
  2 salamander tyrants (Snake:4)
  3 spriggan skeletons
  38 vault guards
  A ghost crab (Abyss:3)
  3 boulder beetles
  12 centaur warriors
  15 anacondas
  A boulder beetle (shapeshifter) (Depths:3)
  6 ogre magi
  5 satyrs
  3 alligator snapping turtles
  20 two-headed ogres
  6 peacekeepers
  An anaconda (shapeshifter) (Elf:3)
  A quicksilver dragon skeleton (Crypt:3)
  3 death knights
  6 spriggan air magi
  8 ironbound frosthearts
  A radroach (shapeshifter) (Vaults:5)
  2 merfolk aquamancers (Shoals:4)
  6 merfolk avatars
  4 death scarabs (Tomb:1)
  19 naga warriors
  26 dancing weapons
  10 tengu warriors
  2 deep troll shamans
  20 death yaks
  5 deep troll earth magi
  18 naga sharpshooters
  8 vampire magi
  2 hell hogs
  9 thrashing horrors
  A titan zombie (Crypt:3)
  2 spriggan berserkers (Depths:3)
  Urug (Orc:1)
  13 soul eaters
  A spectral dire elephant (Tar:5)
  7 sun demons
  7 hell knights
  An Orb Guardian skeleton (Crypt:2)
  7 shock serpents
  Sonja (D:10)
  28 deep elf knights
  8 wretched stars (Abyss:3)
  5 sixfirhies
  A shadow wraith (Abyss:3)
  A fire crab (Abyss:3)
  4 iron trolls
  6 sea snakes
  A spectral anaconda (Tar:3)
  22 skeletal warriors
  An orb spider (Zot:4)
  5 salamander mystics
  2 goliath frogs (Lair:5)
  A spatial maelstrom (Abyss:3)
  36 deep trolls
  A golden dragon zombie (Depths:1)
  19 phantasmal warriors
  4 flayed ghosts
  5 glowing orange brains
  25 ironbound convokers
  A kraken simulacrum (Hell)
  A shadow dragon zombie (Crypt:3)
  A steelbarb worm (shapeshifter) (Elf:3)
  19 lindwurms
  10 wizards
  Pikel (D:7)
  10 naga ritualists
  16 deep elf archers
  A lindwurm (shapeshifter) (Depths:3)
  A golden dragon skeleton (Depths:1)
  3 bog bodies
  A spectral hydra (Tar:1)
  7 orc knights
  22 necromancers
  42 deep elf zephyrmancers
  25 harpies
  2 bunyip skeletons
  2 wolf spiders
  33 deep elf pyromancers
  A harpy (shapeshifter) (Depths:3)
  4 stone giant zombies
  A mana viper (shapeshifter) (Depths:3)
  37 ugly things
  20 large abominations
  4 orc sorcerers
  6 mana vipers
  32 moths of wrath
  7 cyclopes
  A shining eye (shapeshifter) (Depths:1)
  A spectral centaur (Tar:1)
  6 worldbinders (Abyss:3)
  A fire giant zombie (Depths:1)
  9 shining eyes
  23 salamanders
  11 manticores
  15 elephants
  4 stone giant skeletons
  14 merfolk sirens
  3 centaur zombies
  2 dire elephant zombies
  21 fauns
  14 naga magi
  12 rust devils
  14 guardian serpents
  34 black mambas
  3 eyes of devastation
  8 water nymphs
  5 gargoyles
  6 apocalypse crabs
  3 centaur skeletons
  3 alligator snapping turtle zombies (Crypt:3)
  5 molten gargoyles (Hell)
  8 orange demons
  13 smoke demons
  A dire elephant skeleton (Abyss:3)
  Maggie (D:9)
  2 unseen horror zombies (Crypt:1)
  26 cane toads
  An orc skeleton (Crypt:3)
  4 hellions
  An elf skeleton (Vaults:1)
  3 ice statues (IceCv)
  2 rime drakes
  30 yaktaurs
  An unseen horror (shapeshifter) (Elf:3)
  2 unseen horrors (Abyss:3)
  20 vault sentinels
  A kobold demonologist (D:12)
  3 naga skeletons
  11 spectral swamp worms (Tar:7)
  12 freezing wraiths
  A steelbarb worm zombie (Crypt:2)
  2 alligator snapping turtle skeletons
  8 komodo dragons
  10 ice devils
  A sea snake zombie (Hell)
  A demonic crawler (Hell)
  3 red devils
  A rime drake (shapeshifter) (Elf:1)
  21 hellwings
  7 guardian mummies (Tomb:1)
  8 tormentors
  2 tengu conjurers
  2 anaconda simulacra (IceCv)
  A silent spectre (Tar:6)
  10 ancient zymes (Abyss:3)
  3 hydra zombies
  A merfolk (shapeshifter) (Elf:2)
  2 polar bears
  6 harpy zombies
  2 spectral harpies
  2 wind drakes (Shoals:4)
  5 trolls
  A queen bee (Lair:1)
  3 meliai (D:13)
  28 merfolk
  2 tyrant leeches (Lair:5)
  3 harpy skeletons (Crypt:3)
  An alligator zombie (Hell)
  2 elf zombies
  2 ettin zombies
  20 raiju
  11 snapping turtles
  A hydra skeleton (Hell)
  98 slime creatures
  27 blink frogs
  A meliai zombie (Crypt:1)
  A tarantella (Vaults:1)
  An ice dragon zombie (Crypt:3)
  5 air elementals
  A frost giant simulacrum (Vaults:5)
  An ettin skeleton (Crypt:3)
  32 flying skulls
  21 water elementals
  2 jumping spiders (Crypt:3)
  52 yaks
  A fire dragon skeleton (Tomb:1)
  A shadow (D:11)
  An alligator skeleton (Hell)
  A centaur simulacrum (D:15)
  A wyvern (Lair:2)
  2 vampires
  A culicivora (shapeshifter) (Depths:3)
  3 fire bats (Abyss:3)
  8 ynoxinuls
  14 wraiths
  11 fire elementals
  7 ushabtiu
  A basilisk (shapeshifter) (Elf:3)
  7 humans (D:14)
  5 golden eyes (Slime:1)
  2 basilisks
  Grum (D:8)
  2 spriggan simulacra
  11 vampire mosquitoes
  A neqoxec (Abyss:3)
  Edmund (D:5)
  2 death yak simulacra (IceCv)
  Menkaure (D:4)
  6 small abominations (Abyss:3)
  A wind drake skeleton (Crypt:2)
  3 redbacks (Crypt:3)
  3 steam dragons
  3 chaos spawn
  42 nagas
  2 swamp worms (shapeshifter)
  4 acid dragons
  A harpy simulacrum (IceCv)
  3 wargs (Orc:2)
  A hydra simulacrum (Hell)
  2 water moccasins (shapeshifter)
  A floating eye (shapeshifter) (Elf:3)
  A hell hound (Snake:3)
  9 water moccasins
  A glowing shapeshifter skeleton (Depths:1)
  Duvessa (D:5)
  2 floating eyes (Depths:3)
  19 orc warriors
  A black bear (D:6)
  2 sky beasts
  A golden eye zombie (Crypt:2)
  A human skeleton (Vaults:1)
  27 wolves
  4 centaurs
  26 ogres
  A hog zombie (Crypt:1)
  A manticore skeleton (Crypt:2)
  A swamp dragon skeleton (Crypt:3)
  10 boggarts
  2 lemures (D:7)
  Blork the orc (D:4)
  3 kobold brigands
  8 necrophages
  2 human simulacra
  17 bullfrogs
  13 earth elementals
  3 scorpions
  6 wyvern skeletons (Crypt:3)
  13 wights
  Dowan (D:5)
  An elephant simulacrum (IceCv)
  35 killer bees
  2 electric eels
  A crimson imp (Abyss:3)
  A wolf skeleton (Crypt:1)
  2 howler monkeys
  12 jellies
  A quasit (Abyss:3)
  A hound (D:5)
  12 orc priests
  3 gnoll boudas
  An iron imp (Abyss:3)
  An iguana (D:7)
  18 orc wizards
  Natasha (thrice) (D:2)
  8 hell rats
  2 polar bear simulacra (IceCv)
  A deep dwarf skeleton (Crypt:2)
  15 mummies (Tomb:1)
  14 gnolls
  2 adders (D:2)
  6 white imps
  5 ufetubi
  A lava snake zombie (Crypt:1)
  An adder skeleton (Crypt:2)
  A worm (D:2)
  The ghost of leafyfresh the Sneak, a weakling OpDe (D:5)
  A dart slug (D:1)
  63 orcs
  5 ball pythons
  4 endoplasms
  A giant cockroach (D:3)
  5 goblins
  4 hobgoblins
  2 jackals (D:1)
  14 kobolds
  3 quokkas
  2 bats
  A frilled lizard (shapeshifter) (Vaults:5)
  2 frilled lizards
  A jackal zombie (Crypt:2)
  A quokka zombie (Crypt:2)
  7 rats
  A butterfly (Lair:4)
  A lurking horror (Abyss:3)
  12 pillars of salt
  7 starspawn tentacles (Abyss:3)
  8 tentacles
3091 creatures vanquished.

Vanquished Creatures (others)
  A golden dragon (Zot:5)
  A quicksilver dragon (Zot:5)
  A fire giant (Depths:3)
  A stone giant (Depths:3)
  A red draconian (Zot:5)
  A purple draconian (Zot:3)
  A merfolk javelineer (Shoals:4)
  A vault guard (D:14)
  A skeletal warrior (Crypt:2)
  A deep elf pyromancer (Elf:1)
  A wizard (D:15)
  2 deep elf zephyrmancers (Elf:2)
  A black mamba (Snake:3)
  4 golden eyes (Abyss:3)
  A large abomination (Abyss:3)
  A naga (Snake:4)
  An orc warrior (Vaults:5)
  An orc (Elf:1)
  A bush (Lair:3)
  70 fungi
  96 pillars of salt
  285 plants
  16 starspawn tentacles (Abyss:3)
  22 tentacles
  27 withered plants
539 creatures vanquished.

Grand Total: 3630 creatures vanquished

Notes
Turn   | Place    | Note
-------+----------+-------------------------------------------
     0 | D:1      | devnull the Merfolk Gladiator began the quest for the Orb.
     0 | D:1      | Reached XP level 1. HP: 16/16 MP: 1/1
     0 | D:1      | Noticed a formicid
     3 | D:1      | Noticed an ogre
     6 | D:1      | Noticed a naga
     7 | D:1      | Noticed an octopode
    11 | D:1      | Noticed an ogre
    15 | D:1      | Noticed a barachi
    17 | D:1      | Noticed a minotaur skeleton
    21 | D:1      | Noticed a demigod
   354 | D:1      | Reached XP level 2. HP: 20/22 MP: 2/2
   404 | D:1      | Found Fodiczat's Magic Scroll Shop.
   410 | D:1      | Reached skill level 5 in Polearms
   574 | D:1      | Bought a scroll of identify for 28 gold pieces
   574 | D:1      | Bought a scroll of identify for 28 gold pieces
  1017 | D:2      | Reached XP level 3. HP: 27/27 MP: 3/3
  1107 | D:2      | Noticed Natasha
  1196 | D:2      | Killed Natasha
  1368 | D:2      | Reached XP level 4. HP: 33/33 MP: 4/4
  1404 | D:2      | Noticed Natasha
  1677 | D:2      | Killed Natasha
  1678 | D:2      | Reached XP level 5. HP: 26/38 MP: 5/5
  2824 | D:3      | Noticed an ice beast
  2825 | D:3      | Noticed an ogre
  2908 | D:3      | Identified the +9 plate armour of Greed {Int+2}
  2939 | D:3      | Found a faded altar of an unknown god.
  3416 | D:4      | Noticed Menkaure
  3425 | D:4      | Killed Menkaure
  3426 | D:4      | Reached XP level 6. HP: 12/44 MP: 6/6
  3492 | D:4      | Noticed a black bear
  3732 | D:4      | Noticed Blork the orc
  3747 | D:4      | Killed Blork the orc
  4065 | D:4      | Found a staircase to the Ecumenical Temple.
  4237 | Temple   | Entered the Ecumenical Temple
  4366 | Temple   | Became a worshipper of Zin the Law-Giver
  4366 | Temple   | Reached * piety under Zin
  4484 | D:5      | Entered Level 5 of the Dungeon
  4509 | D:5      | Reached XP level 7. HP: 32/50 MP: 6/8
  4791 | D:5      | Noticed Edmund
  4815 | D:5      | Killed Edmund
  5150 | D:5      | Reached skill level 5 in Invocations
  5346 | D:5      | Found a runed translucent door.
  5353 | D:5      | Noticed leafyfresh's ghost (weakling OpDe)
  5587 | D:5      | Reached ** piety under Zin
  5806 | D:5      | Noticed Dowan
  5807 | D:5      | Noticed Duvessa
  5915 | D:5      | Killed Dowan
  5920 | D:5      | Killed Duvessa
  5921 | D:5      | Reached skill level 10 in Polearms
  5921 | D:5      | Reached skill level 5 in Dodging
  5921 | D:5      | Reached XP level 8. HP: 18/56 MP: 11/11
  6261 | D:5      | Killed leafyfresh's ghost
  7054 | D:6      | Found a bloodstained altar of Trog.
  8006 | D:7      | Reached XP level 9. HP: 35/61 MP: 12/12
  9109 | D:7      | Noticed Pikel
  9134 | D:7      | Killed Pikel
  9483 | D:8      | Found a shimmering blue altar of Sif Muna.
  9483 | D:8      | Found a white marble altar of Elyvilon.
  9503 | D:8      | Reached *** piety under Zin
  9800 | D:8      | Reached skill level 15 in Polearms
  9887 | D:8      | Reached XP level 10. HP: 67/67 MP: 11/13
 10205 | D:8      | Reached skill level 5 in Fighting
 10640 | D:8      | Noticed Grum
 10648 | D:8      | Killed Grum
 10856 | D:8      | Found Aplyih Qeih's Antique Weapon Shop.
 11315 | D:9      | Found a staircase to the Lair.
 11322 | D:9      | Noticed Maggie
 11363 | D:9      | Killed Maggie
 11903 | D:9      | Noticed a two-headed ogre
 11906 | D:9      | Reached XP level 11. HP: 65/79 MP: 16/18
 12066 | D:9      | Noticed a tengu warrior
 12071 | D:9      | Noticed a cyclops
 12079 | D:9      | Killed a tengu warrior
 12080 | D:9      | Reached skill level 10 in Invocations
 12091 | D:9      | Killed a cyclops
 12417 | D:9      | Paralysed by a gnoll bouda for 2 turns
 12462 | D:9      | Killed a two-headed ogre
 12754 | D:10     | Entered Level 10 of the Dungeon
 12754 | D:10     | Noticed Sonja
 12779 | D:10     | Killed Sonja
 13814 | D:11     | Found a staircase to the Orcish Mines.
 14092 | D:11     | Noticed a boulder beetle
 14103 | D:11     | Killed a boulder beetle
 14193 | D:11     | Reached **** piety under Zin
 14423 | D:11     | Noticed a two-headed ogre
 14443 | D:11     | Killed a two-headed ogre
 14444 | D:11     | Reached XP level 12. HP: 86/86 MP: 22/22
 14937 | Lair:1   | Entered Level 1 of the Lair of Beasts
 15325 | Lair:1   | Reached skill level 15 in Invocations
 16155 | Lair:2   | Noticed a death yak
 16167 | Lair:2   | Noticed a seven-headed hydra
 16520 | D:1      | Bought a scroll of enchant weapon for 105 gold pieces
 16520 | D:1      | Bought a scroll of enchant armour for 105 gold pieces
 16520 | D:1      | Bought a scroll of enchant armour for 105 gold pieces
 16520 | D:1      | Bought a scroll of enchant weapon for 105 gold pieces
 16520 | D:1      | Bought a scroll of identify for 28 gold pieces
 16562 | D:2      | Noticed Natasha
 16570 | D:2      | Killed Natasha
 17030 | Lair:2   | Found a staircase to the Snake Pit.
 17182 | Lair:2   | Noticed a death yak
 17193 | Lair:2   | Noticed a death yak
 17220 | Lair:1   | Killed a death yak
 17508 | Lair:2   | Killed a death yak
 17572 | Lair:2   | Killed a death yak
 18071 | Lair:2   | Killed a seven-headed hydra
 18072 | Lair:2   | Reached XP level 13. HP: 33/91 MP: 24/24
 20937 | Lair:3   | Found a staircase to the Shoals.
 23026 | Lair:4   | Found a staircase to the Slime Pits.
 23154 | Lair:4   | Reached skill level 10 in Dodging
 23331 | Lair:4   | Reached XP level 14. HP: 106/106 MP: 25/25
 23335 | Lair:4   | Identified the +8 flail "Yjov" {speed, Dex+4}
 24482 | Lair:4   | Reached ***** piety under Zin
 24749 | Lair:5   | Entered Level 5 of the Lair of Beasts
 24922 | Lair:5   | Found a frozen archway.
 24932 | IceCv    | Entered an ice cave
 26486 | IceCv    | Got Sif Muna's Quarto of Interference and Formation
 26495 | IceCv    | Learned a level 3 spell: Ozocubu's Armour
 26566 | Lair:5   | Reached skill level 1 in Ice Magic
 27143 | Lair:5   | Reached skill level 5 in Ice Magic
 28615 | Lair:5   | Reached XP level 15. HP: 88/112 MP: 26/26
 29885 | Orc:1    | Entered Level 1 of the Orcish Mines
 29967 | Orc:1    | Reached skill level 15 in Dodging
 30123 | Orc:1    | Noticed Harold
 30141 | Orc:1    | Killed Harold
 30441 | Orc:2    | Entered Level 2 of the Orcish Mines
 30537 | Orc:2    | Noticed an orc warlord
 31201 | Orc:2    | Killed an orc warlord
 31711 | Orc:2    | Found Saerrul's Weapon Emporium.
 31711 | Orc:2    | Found Sal Diu's Magic Scroll Shop.
 31713 | Orc:2    | Found Quheunoiff's Antique Armour Shop.
 31713 | Orc:2    | Found Umotaniq's Antique Armour Shoppe.
 31846 | Orc:2    | Found a staircase to the Elven Halls.
 31954 | Orc:2    | Found Onifietrio's Armour Boutique.
 32182 | Orc:2    | Bought a scroll of identify for 30 gold pieces
 32186 | Orc:2    | Bought a spiked ring mail for 243 gold pieces
 32186 | Orc:2    | Identified the +1 ring mail of Zin's Righteous Anger {rElec
                  | Regen+} (You bought it in a shop on level 2 of the Orcish
                  | Mines)
 32199 | Orc:2    | Bought a scroll of teleportation for 45 gold pieces
 32199 | Orc:2    | Bought a scroll of fear for 60 gold pieces
 32199 | Orc:2    | Bought a scroll of blinking for 112 gold pieces
 32199 | Orc:2    | Bought a scroll of brand weapon for 142 gold pieces
 32199 | Orc:2    | Bought a scroll of enchant weapon for 112 gold pieces
 32290 | D:12     | Found a glowing silver altar of Zin.
 32410 | Orc:1    | Found Duropik's Antique Weapon Shop.
 32609 | Orc:1    | Noticed Urug
 32615 | Orc:1    | Killed Urug
 32768 | Orc:1    | Found a runed translucent gate.
 32768 | Orc:1    | Found a runed translucent gate.
 32768 | Orc:1    | Found a runed translucent gate.
 32776 | Orc:1    | Noticed Seidenschwarz's ghost (journeyman DECj)
 32776 | Orc:1    | Noticed wextippler1's ghost (journeyman DsNe)
 32827 | Orc:2    | Killed Seidenschwarz's ghost
 32917 | Orc:2    | Killed wextippler1's ghost
 33420 | D:12     | Reached ****** piety under Zin
 34219 | D:13     | Identified the +10 quarterstaff of the Special Moons
                  | {distort, Str+2}
 34258 | D:13     | Reached XP level 16. HP: 118/118 MP: 27/27
 34694 | D:14     | Found a snail-covered altar of Cheibriados.
 34868 | D:14     | Found a transporter.
 34870 | D:14     | Found a corrupted altar of Lugonu.
 34946 | D:14     | Reached skill level 10 in Fighting
 34975 | D:14     | Identified the +11 plate armour of Leloje {Will+ Str+2}
 34979 | D:14     | Found a gate to the Vaults.
 35090 | D:14     | Found a transporter.
 35161 | D:14     | Found a glowing silver altar of Zin.
 35263 | D:14     | Found Ylir's Weapon Shop.
 35693 | D:15     | Entered Level 15 of the Dungeon
 35959 | D:15     | Noticed Josephine
 35968 | D:15     | Killed Josephine
 36387 | D:15     | Found a staircase to the Depths.
 36393 | D:15     | Identified the +5 war axe "Qiukuc" {elec, Will++}
 36862 | Shoals:1 | Entered Level 1 of the Shoals
 37535 | Shoals:1 | Reached XP level 17. HP: 111/140 MP: 28/28
 38140 | Shoals:2 | Noticed a kraken
 38157 | Shoals:2 | Noticed Ilsuiw
 38159 | Shoals:2 | Zin protects you from harm!
 38357 | Shoals:2 | Killed a kraken
 38911 | Shoals:2 | Noticed Jorgrun
 39050 | Shoals:2 | Killed Jorgrun
 39263 | Shoals:2 | Killed Ilsuiw
 39316 | Shoals:3 | Found Iryddosm's Self-Improvement Boutique.
 39494 | Shoals:3 | Reached skill level 15 in Fighting
 39547 | Shoals:3 | Found Modeukk's Book Shop.
 40294 | Shoals:3 | Noticed a kraken
 40354 | Shoals:3 | Killed a kraken
 40662 | Shoals:4 | Entered Level 4 of the Shoals
 41005 | Shoals:4 | Found Ahumaito's Jewellery Emporium.
 41028 | Shoals:4 | Identified the +9 morningstar "Geiwilug" {freeze, rC+ rN+
                  | Int+3}
 41289 | Shoals:4 | Noticed a kraken
 41300 | Shoals:4 | Killed a kraken
 41483 | Shoals:4 | Got a barnacled rune of Zot
 41557 | Shoals:4 | Reached XP level 18. HP: 130/160 MP: 26/29
 42413 | Snake:1  | Entered Level 1 of the Snake Pit
 42707 | Snake:1  | Identified a scroll of acquirement
 42715 | Snake:1  | Acquired a manual of Shields
 42742 | Snake:1  | Got First Steps in the Occult
 43582 | Snake:2  | Noticed Vashnia
 43609 | Snake:2  | Killed Vashnia
 43960 | Snake:2  | Identified the +7 battleaxe of the Mind {drain, rN+}
 44327 | Snake:3  | Noticed Azrael
 45411 | Snake:3  | Killed Azrael
 45608 | Snake:3  | Reached XP level 19. HP: 107/167 MP: 30/30
 45936 | Snake:4  | Entered Level 4 of the Snake Pit
 45993 | Snake:4  | Found Nabajim's Overcharged Wands.
 48057 | Snake:4  | Got a serpentine rune of Zot
 48485 | Elf:1    | Entered Level 1 of the Elven Halls
 48550 | Elf:1    | Paralysed by an air elemental for 1 turns
 48941 | Elf:1    | Found Bulix's General Store.
 49544 | Elf:1    | Reached XP level 20. HP: 174/174 MP: 33/33
 49844 | Elf:1    | Found a runed translucent gate.
 49844 | Elf:1    | Found a runed translucent gate.
 49844 | Elf:1    | Found a runed translucent gate.
 49844 | Elf:1    | Found a runed translucent gate.
 49844 | Elf:1    | Found a runed translucent gate.
 49846 | Elf:1    | Found a runed translucent gate.
 50435 | Elf:2    | Found a runed translucent gate.
 50435 | Elf:2    | Found a runed translucent gate.
 50436 | Elf:2    | Found a runed translucent gate.
 50799 | Elf:2    | Got the Anthology of the Blessed Realm
 50854 | Elf:2    | Found a radiant altar of Vehumet.
 52468 | Elf:3    | Entered Level 3 of the Elven Halls
 52600 | Elf:3    | Paralysed by an air elemental for 1 turns
 52751 | Elf:3    | Paralysed by a floating eye for 2 turns
 52986 | Elf:3    | Reached skill level 27 in Polearms
 53011 | Elf:3    | Reached skill level 1 in Stealth
 53070 | Elf:3    | Found Nauxkiox's Magic Scroll Shoppe.
 53077 | Elf:3    | Bought a scroll of acquirement for 936 gold pieces
 53077 | Elf:3    | Bought a scroll of blinking for 135 gold pieces
 53079 | Elf:3    | Acquired the ring of the Swan {Will+ Slay+4 Stlth+}
 53297 | Elf:3    | Reached skill level 5 in Stealth
 53303 | Elf:3    | Reached XP level 21. HP: 171/180 MP: 35/35
 53437 | Elf:3    | Identified the +5 ring mail of Kuhaepn {Harm rC+}
 53483 | Elf:3    | Identified the +10 hand axe "Concordance" {vorpal, *Rage
                  | rPois Str-3 SInv}
 53505 | Elf:3    | Identified the +9 morningstar of the Swamp {protect,
                  | Fragile Str+4 SInv}
 53529 | Elf:3    | Reached skill level 10 in Stealth
 53616 | Elf:3    | Got the Vellum of Igneous Sinister Mysteries
 53633 | Elf:3    | Identified the +8 sling of Fear {venom, SInv}
 53662 | Elf:3    | Identified the +2 arbalest "Amyssent" {freeze, rC- Will+
                  | Int+3}
 53686 | Elf:3    | Found the +6 lightning scales {swift, rElec}
 53746 | Elf:3    | Identified the +4 dagger of Dokhlibb {vorpal, Fly rElec rN+
                  | Str-2}
 54127 | Vaults:1 | Entered Level 1 of the Vaults
 55778 | Elf:3    | Bought a scroll of brand weapon for 171 gold pieces
 55778 | Elf:3    | Bought a scroll of teleportation for 54 gold pieces
 56186 | Vaults:2 | Found a magical portal.
 56195 | WizLab   | Entered The Hall of the Hellbinder
 56358 | WizLab   | Reached XP level 22. HP: 179/188 MP: 33/36
 56534 | WizLab   | Identified the ring "Mij Zedo" {rC+ rN+ Dex+4}
 56811 | WizLab   | Noticed Pisag
 56818 | WizLab   | Found a burning altar of Makhleb.
 56849 | WizLab   | Got Asmodeus's Parchment of Calling
 56955 | WizLab   | Killed Pisag the Hellbinder
 57415 | Vaults:2 | Found a staircase to the Crypt.
 57953 | Vaults:2 | Reached skill level 27 in Dodging
 60310 | Vaults:4 | Found Senloruaq's Antique Armour Shoppe.
 60336 | Vaults:4 | Found a flickering gateway to a bazaar.
 60347 | Bazaar   | Entered a bazaar
 60350 | Bazaar   | Found Gidd's Armour Shop.
 60365 | Bazaar   | Found Heosoef's Book Shop.
 60408 | Bazaar   | Found Moxzet's Assorted Antiques.
 60408 | Bazaar   | Found Putaimn's Armour Boutique.
 60463 | Bazaar   | Bought a scroll of blinking for 180 gold pieces
 60463 | Bazaar   | Bought a scroll of enchant weapon for 180 gold pieces
 60463 | Bazaar   | Bought 3 scrolls of blinking for 540 gold pieces
 60510 | Vaults:4 | Found Oplich's Antique Armour Shoppe.
 60798 | Vaults:4 | Reached XP level 23. HP: 118/194 MP: 38/38
 61123 | Vaults:4 | Found a runed translucent gate.
 61123 | Vaults:4 | Found a runed translucent gate.
 61123 | Vaults:4 | Found a runed translucent gate.
 61123 | Vaults:4 | Noticed Scrimshaw's ghost (veteran OpTm)
 61165 | Vaults:4 | Found Uhes's Antique Weapon Emporium.
 61448 | Vaults:4 | Found Ducraf's Book Boutique.
 61598 | Vaults:4 | Identified the +1 robe of Jengopn {rF+ Int+2 SInv}
 61751 | Vaults:4 | Killed Scrimshaw's ghost
 61758 | Vaults:4 | Identified the ring "Adghus" {rF+ EV+4 Int+6}
 62123 | Vaults:5 | Entered Level 5 of the Vaults
 62386 | Vaults:5 | Got the Treatise on Fascination and Shapeshifting
 62409 | Vaults:5 | Noticed a golden dragon
 62422 | Vaults:5 | Killed a golden dragon
 62438 | Vaults:5 | Identified the ring of Ynimabra {rF+ rC+}
 62459 | Vaults:5 | Found the +11 plutonium sword {Contam Stlth-}
 62470 | Vaults:5 | Identified the ring "Cicuni" {Fly rN+ Will+ Dex-2}
 62648 | Vaults:5 | Identified the +7 arbalest of Hubris {flame, Drain rElec
                  | Str+4 Int+4}
 62666 | Vaults:5 | Identified the +2 glaive of Vodka {vorpal, Fragile rElec
                  | Str+4 Int+2 Stlth+}
 63227 | Vaults:5 | Reached XP level 24. HP: 190/201 MP: 39/39
 63241 | Vaults:5 | Identified the +5 flail of Prescription {flame, rN+ MP+9}
 63705 | Vaults:5 | Paralysed by a sphinx for 4 turns
 63847 | Vaults:5 | Identified the +8 demon trident of the Sneaky Youths
                  | {drain, Dex+3}
 64240 | Vaults:5 | Identified the +0 leather armour of the Eagle {rElec
                  | Will+++ Dex-4 Stlth+}
 64350 | Vaults:5 | Noticed Xtahua
 64356 | Vaults:5 | Killed Xtahua
 64560 | Vaults:5 | Got a silver rune of Zot
 64620 | Vaults:5 | Noticed a dread lich
 64632 | Vaults:5 | Killed a dread lich
 65089 | Slime:1  | Entered Level 1 of the Pits of Slime
 65194 | Slime:1  | Reached skill level 27 in Invocations
 67465 | Slime:3  | You fall into a shaft and drop 1 floor!
 67841 | Slime:5  | Entered Level 5 of the Pits of Slime
 68125 | Slime:5  | Noticed the Royal Jelly
 68290 | Slime:5  | Reached XP level 25. HP: 165/215 MP: 40/40
 68474 | Slime:5  | Found a viscous altar of Jiyva.
 68487 | Slime:5  | Killed the Royal Jelly
 68565 | Slime:5  | Identified the +2 glaive "Fioqius" {pain, Str+2}
 68570 | Slime:5  | Got the Essays on the Nocuous Atmosphere
 68572 | Slime:5  | Got a slimy rune of Zot
 68597 | Slime:5  | Identified the +8 shortbow of Dithmenos, Nurturing {vorpal,
                  | rF- rC+ rN+ Str+2}
 68607 | Slime:5  | Identified the amulet "Buyt Yri" {Faith rF- rC+ Str+6}
 68622 | Slime:5  | Identified the +8 scimitar of Causality {vorpal, rN+++
                  | Int-4 Stlth+}
 68630 | Slime:5  | Got the Handbook of the Hiemal Ground
 68637 | Slime:5  | Identified the +1 ring mail of Paranoia {+Inv Str+3 Int+4}
 68647 | Slime:5  | Identified the +1 halberd of Crystal {spect, MP+9 Int+5
                  | Stlth-}
 69326 | D:14     | Identified the ring of Yciller {rPois rN++}
 70001 | Crypt:1  | Entered Level 1 of the Crypt
 70245 | Crypt:1  | Acquired the +0 pair of fencer's gloves {Riposte Dex+3}
 70245 | Crypt:1  | Found the +0 pair of fencer's gloves {Riposte Dex+3}
 70372 | Vaults:4 | Bought an embroidered cloak for 195 gold pieces
 70849 | Crypt:1  | Noticed Jory
 70908 | Crypt:1  | Killed Jory
 71069 | Crypt:1  | Noticed Frederick
 71074 | Crypt:1  | Killed Frederick
 71777 | Crypt:2  | Paralysed by a vampire knight for 2 turns
 72391 | Crypt:3  | Entered Level 3 of the Crypt
 72904 | Crypt:3  | Noticed Boris
 72912 | Crypt:3  | Killed Boris
 73076 | Crypt:2  | Found an ancient bone altar of Kikubaaqudgha.
 73187 | Crypt:3  | Noticed Sojobo
 73208 | Crypt:3  | Paralysed by an air elemental for 1 turns
 73365 | Crypt:3  | Killed Sojobo
 73817 | Crypt:3  | Identified the ring of Sufuud {Fly rC- Int+2 Dex+3}
 74012 | Crypt:3  | Found a staircase to the Tomb.
 74258 | Crypt:3  | Reached XP level 26. HP: 235/235 MP: 40/40
 74297 | Crypt:3  | Found an ancient bone altar of Kikubaaqudgha.
 74406 | Crypt:3  | Identified the +3 scimitar of the Bouncing Portals {freeze,
                  | rF+ Stlth+}
 74406 | Crypt:3  | Identified the ring "Bemeupt" {Fly rPois rN+}
 74647 | Crypt:3  | Noticed an ancient lich
 74659 | Crypt:3  | Killed an ancient lich
 75271 | Crypt:3  | Identified the +2 robe "Mozxabi" {rF+ Str+4}
 75376 | Tomb:1   | Entered Level 1 of the Tomb of the Ancients
 75815 | Tomb:1   | Paralysed by a sphinx for 5 turns
 76204 | Tomb:1   | Noticed a royal mummy
 76533 | Tomb:1   | Killed a royal mummy
 76862 | Depths:1 | Entered Level 1 of the Depths
 76991 | Depths:1 | Noticed Boris
 77017 | Depths:1 | Killed Boris
 77018 | Depths:1 | Reached skill level 27 in Fighting
 77018 | Depths:1 | Reached skill level 1 in Spellcasting
 77155 | Depths:1 | Found a gateway to Hell.
 77250 | Depths:1 | Found a one-way gate leading to the halls of Pandemonium.
 77324 | Depths:1 | Found a one-way gateway to a ziggurat.
 77387 | Depths:1 | Found a one-way gate to the infinite horrors of the Abyss.
 77469 | Depths:1 | Found a portal to a secret trove of treasure.
 77537 | Depths:1 | Found a corrupted altar of Lugonu.
 77587 | Depths:1 | Reached skill level 5 in Throwing
 77596 | Depths:1 | Found the +8 demon trident "Rift" {distort, reach+}
 77854 | Hell     | Entered the Vestibule of Hell
 77854 | Hell     | Noticed Geryon
 77882 | Hell     | Killed Geryon
 78169 | Hell     | Found a gateway to the Iron City of Dis.
 78410 | Hell     | Found a gateway to the freezing wastes of Cocytus.
 78506 | Hell     | Found a gateway to the ashen valley of Gehenna.
 78741 | Hell     | Found a gateway to the decaying netherworld of Tartarus.
 78829 | Depths:1 | You paid a toll of the horn of Geryon to enter a treasure
                  | trove
 78830 | Trove    | Entered a treasure trove
 78832 | Trove    | Found a bloodstained altar of Trog.
 78846 | Trove    | Identified the +2 glaive "Buibb" {vorpal, Str+3}
 78863 | Trove    | Identified the +10 halberd "Ytuzid" {vorpal, rC+ Will+
                  | rCorr SInv}
 78883 | Trove    | Identified the +6 double sword "Aplyo" {vorpal, rN+ Str+2}
 79003 | Depths:2 | Reached skill level 10 in Throwing
 79015 | Depths:2 | Reached XP level 27. HP: 249/249 MP: 40/40
 79802 | Depths:3 | Found a radiant altar of Vehumet.
 80394 | Depths:3 | Reached skill level 15 in Stealth
 80589 | Depths:3 | Got the Parchment of Baleful Gusts
 80730 | Depths:3 | Identified the +0 chain mail of Hedge Wizardry {Harm rF-
                  | MP+9 Slay+2}
 80992 | Depths:3 | You fall into a shaft and drop 1 floor!
 80992 | Depths:4 | Entered Level 4 of the Depths
 81976 | Depths:4 | Noticed Mennas
 81985 | Depths:4 | Killed Mennas
 82193 | Depths:4 | Noticed Boris
 82203 | Depths:4 | Killed Boris
 82563 | Depths:4 | Found a gate to the Realm of Zot.
 83052 | Zot:1    | Entered Level 1 of the Realm of Zot
 84103 | Zot:2    | Identified the +6 long sword "Ugreokhi" {venom, Int+2}
 84800 | Zot:3    | Identified the +0 cloak of Rothaff {Dex+4}
 84800 | Zot:3    | Identified the +2 cloak of the Pleiades {Harm rF- Str+9}
 84800 | Zot:3    | Found a transporter.
 84800 | Zot:3    | Found a transporter.
 84802 | Zot:3    | Noticed Flapstick's ghost (legendary HaBe)
 84803 | Zot:3    | Found a bloodstained altar of Trog.
 84915 | Zot:3    | Reached skill level 15 in Throwing
 86362 | Zot:3    | Killed Flapstick's ghost
 86578 | Zot:4    | Noticed an orb of fire
 86591 | Zot:4    | Killed an orb of fire
 88205 | Zot:4    | Acquired the ring of the Salmon {rC+ rCorr Str+6 Int+4
                  | Dex-4}
 88359 | Zot:5    | Entered Level 5 of the Realm of Zot
 88772 | Zot:5    | Noticed an orb of fire
 89171 | Zot:5    | Noticed a dread lich
 89183 | Zot:5    | Noticed an ancient lich
 89342 | Zot:5    | Killed a dread lich
 89519 | Zot:5    | Killed an ancient lich
 90306 | Zot:5    | Noticed an orb of fire
 90337 | Zot:5    | Noticed an orb of fire
 90338 | Zot:5    | Killed an orb of fire
 90355 | Zot:5    | Killed an orb of fire
 90383 | Zot:5    | Noticed a dread lich
 90393 | Zot:5    | Killed a dread lich
 90830 | Depths:4 | Voluntarily entered the Abyss.
 91698 | Abyss:3  | Noticed a dread lich
 91715 | Abyss:3  | Killed a dread lich
 91876 | Abyss:3  | Got an abyssal rune of Zot
 91957 | Depths:4 | Escaped the Abyss
 92635 | Tar:1    | Entered Level 1 of Tartarus
 92772 | Tar:3    | You fall into a shaft and drop 3 floors!
 93107 | Tar:7    | Entered Level 7 of Tartarus
 93183 | Depths:3 | Voluntarily entered the Abyss.
 93650 | Depths:3 | Escaped the Abyss
 96010 | Tar:7    | Reached skill level 27 in Throwing
 96010 | Tar:7    | Reached skill level 1 in Shields
 96360 | Tar:7    | Reached skill level 5 in Shields
 96859 | Tar:7    | Reached skill level 10 in Shields
 97335 | Tar:7    | Found the +8 storm bow {elec, penet}
 97338 | Tar:7    | Got the Papyrus of Heated Transmutation
 97886 | Tar:7    | Noticed Ereshkigal
 98212 | Tar:7    | Paralysed by Ereshkigal for 5 turns
 98234 | Tar:7    | Paralysed by Ereshkigal for 4 turns
 98238 | Tar:7    | HP: 11/249 [Ereshkigal (4)]
 98238 | Tar:7    | Zin protects you from harm!
 98238 | Tar:7    | Zin protects you from harm!
 98238 | Tar:7    | Slain by a Tzitzimitl

Illustrated notes

Levels and vault maps discovered:
D:1:      shiori_arrival_whats_in_store_for_you, layout_basic, serial_shops,
          nicolae_shop_trees
D:2:      cheibrodos_old_hovel, layout_basic, uniq_natasha
D:3:      layout_basic, shapermc_ecumenical_altar_pompeii,
          lightli_corner_chamber
D:4:      layout_rooms, minmay_temple_entry_enclosed_plants,
          amcnicky_mini_corridor_feature, solitary_fountain, uniq_blork_the_orc,
          uniq_menkaure
D:5:      layout_layer_cave, ebering_ghost_reflecting_pool, uniq_edmund,
          uniq_duvessa
D:6:      layout_loops_ring, nicolae_overflow_hidden_temple, dk_noncrumbling_4
D:7:      layout_layer_cave, kennysheep_generic_room_12, uniq_pikel
D:8:      layout_basic, grunt_temple_overflow_open, serial_shops, shop,
          uniq_grum
D:9:      layout_basic, dpeg_oklobed_lair, uniq_maggie
D:10:     layout_small_grid, uniq_sonja
D:11:     layout_roguey, david_orc_2
D:12:     dreamdust_under_siege, layout_gridville
D:13:     layout_rooms
D:14:     gammafunk_corrupted_shrine, layout_long_grid,
          ximxim_vaults_locker_room, serial_shops,
          nicolae_shop_temple_entry_statues_fountains, zin_angel,
          cheibriados_altar_1
D:15:     grunt_enter_depths_magical_seal, layout_loops_ring,
          serial_park_tiny_1, lightli_minifort, uniq_josephine
Temple:   nicolae_temple_bog_church
Lair:1:   layout_roguey [special_room_bee]
Lair:2:   layout_cave_shapes, minmay_snake_entry_guardpost_small,
          lemuel_fruit_tree, grunt_megastairs_3
Lair:3:   layout_loops_ring, minmay_shoals_entry_lonely_mermaid
Lair:4:   layout_roguey, minmay_slime_entry_pillars, lemuel_fruit_fields,
          grunt_megastairs_2
Lair:5:   minmay_lair_end_frog_pond, layout_cave_pods,
          portal_ice_cave_entry_pillars_1
Shoals:1: layout_shoals, nicolae_shoals_siren_and_animal_friends
Shoals:2: layout_shoals, uniq_ilsuiw, uniq_jorgrun
Shoals:3: layout_shoals, serial_shops, nicolae_shop_hallway_stairs,
          nicolae_shop_self_help
Shoals:4: shoals_end_hangedman, layout_shoals, shoal_ilsuiw, serial_shops,
          shop_fountains
Snake:1:  layout_grid_shapes, nicolae_snake_shapes
Snake:2:  layout_onion_interference, nicolae_coiled_stairwell_up,
          grunt_megastairs_5, uniq_vashnia
Snake:3:  layout_grid_maze, nicolae_snake_gridmaze_spiral,
          nicolae_snake_snakes_in_the_grass, uniq_azrael
Snake:4:  grunt_snake_rune_serpentine_throne, layout_layer_cave,
          nicolae_shop_overcharged_wands, grunt_megastairs_4
Slime:1:  layout_caves
Slime:2:  layout_caves
Slime:3:  layout_caves, nicolae_slime_welcoming_committee
Slime:4:  layout_caves
Slime:5
Orc:1:    layout_diamond_mine, basic_altar, gammafunk_ghost_cemetery,
          serial_shops, shop, uniq_urug, uniq_harold
Orc:2:    st_orc_ogre_mass, layout_diamond_mine, serial_shops,
          nicolae_lakefront_shop, basic_altar
Elf:1:    elf_arrival_002, layout_geoelf_octagon, serial_shops,
          nicolae_shop_behind_doors, orc_legates, nicolae_elf_crossing_hall
Elf:2:    elven_hall_of_blades_hangedman_original
          [nicolae_blade_entry_pointy_end], layout_loops_cross, basic_altar,
          nicolae_elf_loose_elemental_storage
Elf:3:    minmay_elf_hall_not_hex, layout_loops_cross, serial_shops,
          nicolae_shop_waterfront
Vaults:1: hangedman_vaults_capsules, nicolae_vaults_triangles,
          nicolae_vaults_big_angled_halls, nicolae_vaults_twisting_passages,
          hangedman_vaults_stitches, v_rooms_6, v_misc_13,
          hangedman_vaults_river_flow, nicolae_vaults_circle_grid_b,
          grunt_vaults_focal, serial_ice_h, layout_vaults_maze_bifur
Vaults:2: mu_enter_wizlab_3, grunt_vaults_hallway_short,
          minmay_crypt_entry_simple_sparse, ontoclasm_vaults_ring_large,
          nicolae_vaults_network_barrier, ontoclasm_vaults_ring_small,
          nicolae_vaults_mini_display_case, grunt_vaults_bifocal,
          nicolae_vaults_little_squares_6, v_misc_10, nicolae_vaults_network_s,
          v_pattern_4, ontoclasm_vaults_spin, layout_vaults_omnibox
Vaults:3: vaults_mumra_minichess_inversion, hangedman_vaults_stagger,
          vaults_room_fours, v_misc_26, nicolae_vaults_border_crossing,
          vaults_dpeg_encased_lava, nicolae_vaults_ring_of_whatevers,
          nicolae_vaults_specimen_jars, v_misc_24,
          nicolae_vaults_three_branches, layout_vaults_quadrants
Vaults:4: gammafunk_ghost_spectres, v_misc_10, hangedman_vaults_pinch,
          nicolae_vaults_an_arrangement, vaults_room_hallway, vaults_room_boxed,
          vaults_standard_mumra_x, v_alt_pattern_4, nicolae_vaults_network_star,
          layout_vaults_big_room, serial_shops, bzr_entry_islet,
          nicolae_square_shop, nicolae_shop_hallway_stairs, shop,
          nicolae_shop_behind_doors, uniq_margery
Vaults:5: uniq_xtahua
Crypt:1:  layout_chaotic_city, uniq_frederick, uniq_jory
Crypt:2:  layout_regular_city, lemuel_upstairs_altar
Crypt:3:  evilmike_haunted_forest, uniq_sojobo, uniq_boris
Tomb:1
Depths:1: layout_cave_pools, enter_ziggurat_d, hangedman_abyss_entry_splay,
          grunt_pan_entry_in_and_out, pf_hell_entry_tar_spiral,
          nicolae_trove_entry_crossroad, minmay_holes,
          hellmonk_guarded_unrand_rift, serial_bayou_shore_b
Depths:2: kennysheep_blocky_room, layout_cave_pools, kennysheep_small_spiral,
          pf_coc_iceberg, rand_demon_pan_entry_9
Depths:3: hangedman_box_tower, layout_gridlike, serial_rivers,
          chequers_serial_rivers_room_a, chequers_serial_rivers_marsh,
          chequers_serial_rivers_marsh, chequers_serial_rivers_micro_e,
          lightli_too_deep, abyss_entry, fiery_altar_vehumet,
          hangedman_decor_lopped, uniq_josephina
Depths:4: grunt_x_marks_the_spot, layout_basic, pf_hell_entry_great_geh,
          abyss_entry, grunt_pan_entry_spiral, uniq_mennas
Hell
Tar:1:    layout_catacombs, nicolae_tar_cuneiform_not,
          nicolae_tar_honey_rotating
Tar:2:    nicolae_tar_tart_auras, layout_cathedral_of_symmetry
Tar:3:    layout_grid_maze
Tar:4:    layout_grid_maze
Tar:5:    layout_honeycomb
Tar:6:    layout_cathedral_of_symmetry
Tar:7:    tar_minmay_river
Zot:1:    layout_basic
Zot:2:    layout_misc_corridors
Zot:3:    layout_gridlike, gammafunk_ghost_wrathful_warriors,
          nicolae_rock_paper_scissors
Zot:4:    hangedman_orp_of_zott, layout_cathedral_of_symmetry
Zot:5:    layout_gridlike, nrook_zot_tub

Skill      XL: |  1  2  3  4  5  6  7  8  9 10 11 12 13 14 15 16 17 18 19 20 21 22 23 24 25 26 27 |
---------------+----------------------------------------------------------------------------------+-----
Polearms       | 5 6 7 9 10 12 15 16 19 21 23 26 27 | 27.0
Invocations    | 2 5 9 14 15 19 20 22 25 27 | 27.0
Dodging        | 5 8 10 14 19 20 22 25 27 | 27.0
Fighting       | 5 8 14 19 21 25 27 | 27.0
Ice Magic      | 8 |  8.0
Stealth        | 5 10 20 | 20.0
Spellcasting   | 1 |  1.1
Throwing       | 10 27 | 27.0
Shields        | 14 | 14.6

Action                   |  1- 3 |  4- 6 |  7- 9 | 10-12 | 13-15 | 16-18 | 19-21 | 22-24 | 25-27 || total
-------------------------+-------+-------+-------+-------+-------+-------+-------+-------+-------++-------
Melee: Trident           |    67 |   116 |       |       |       |       |       |       |       ||   183
       Halberd           |       |    13 |   327 |   837 |  1351 |    94 |       |       |    13 ||  2635
       Punch             |       |     1 |       |       |       |       |       |       |       ||     1
       Spear             |       |       |       |     5 |    17 |       |     5 |       |       ||    27
       Tailslap          |       |       |       |       |    19 |    70 |       |     2 |    20 ||   111
       Glaive            |       |       |       |       |   229 |  1620 |  1022 |       |       ||  2871
       Bardiche          |       |       |       |       |       |       |   481 |  1317 |  3484 ||  5282
Throw: Throwing net      |       |     2 |     2 |       |     1 |       |       |       |     1 ||     6
       Dart              |       |     4 |    17 |    69 |    18 |    25 |     3 |     3 |     1 ||   140
       Boomerang         |       |       |       |     1 |       |       |       |       |       ||     1
       Javelin           |       |       |       |       |    22 |     6 |       |       |    11 ||    39
 Cast: Ozocubu's Armour  |       |       |       |       |     5 |     1 |       |       |     1 ||     7
Invok: Recite            |       |       |     5 |     5 |    19 |    43 |    41 |    31 |   103 ||   247
       Vitalisation      |       |       |     2 |    10 |    20 |    20 |    23 |    14 |    56 ||   145
       Imprison          |       |       |       |       |     4 |       |       |       |     9 ||    13
       Sanctuary         |       |       |       |       |       |     1 |     1 |     1 |     2 ||     5
Evoke: Wand              |       |       |       |     4 |    20 |     7 |       |       |     1 ||    32
  Use: Scroll            |     4 |     5 |     1 |    12 |     9 |    13 |    12 |     6 |    14 ||    76
       Potion            |       |       |       |     2 |     2 |     3 |     2 |     5 |    21 ||    35
 Stab: Sleeping          |     2 |       |       |       |     5 |     1 |    14 |    44 |   103 ||   169
       Confused          |       |       |     1 |       |     8 |    35 |    46 |    38 |    64 ||   192
       Paralysed         |       |       |       |     1 |     6 |     4 |     8 |     3 |    10 ||    32
       Distracted        |       |       |       |       |     2 |     3 |     5 |     9 |    55 ||    74
       Invisible         |       |       |       |       |     2 |    11 |     5 |       |       ||    18
Armor: Leather armour    |    13 |     7 |       |       |       |       |       |       |       ||    20
       Plate armour      |       |    16 |   230 |   442 |       |       |       |       |       ||   688
       Steam dragon scal |       |       |       |       |   217 |       |       |       |       ||   217
       Chain mail        |       |       |       |       |     1 |       |       |       |       ||     1
       Acid dragon scale |       |       |       |       |    46 |       |       |       |       ||    46
       Ring mail         |       |       |       |       |    35 |   197 |   170 |   126 |   401 ||   929
Dodge: Dodged            |    32 |    43 |    72 |   273 |  1189 |  1289 |   969 |   890 |  2922 ||  7679
Block: Other             |       |       |       |       |     7 |   278 |   172 |   185 |   458 ||  1100
       Reflection        |       |       |       |       |     1 |    34 |    21 |     8 |     4 ||    68
       Rpst.: Bardiche   |       |       |       |       |       |       |       |       |   562 ||   562
       Halberd           |       |       |       |       |       |       |       |       |     3 ||     3
